 Dungeon Crawl Stone Soup version 0.30-a0-141-g30f27751c5 (webtiles) character file.

Game seed: 14418152464707825451

65 qw the Chopper (level 4, -1/28 HPs)
             Began as a Gargoyle Fighter on Sept 24, 2022.
             Slain by a gnoll
             ... wielding a +0 flail
              (4 damage)
             ... on level 2 of the Dungeon.
             The game lasted 00:00:27 (1237 turns).

qw the Chopper (Gargoyle Fighter)                   Turns: 1237, Time: 00:00:28

Health: -1/28      AC: 10    Str: 22    XL:     4   Next: 14%
Magic:  0/4        EV:  9    Int:  8    God:
Gold:   33         SH:  4    Dex:  9    Spells: 3/3 levels left

rFire   . . .      SeeInvis .    Y - +0 war axe
rCold   . . .      Faith    .    c - +0 buckler
rNeg    + . .      Spirit   +    b - +0 scale mail
rPois   inf        Reflect  .    (no helmet)
rElec   +          Harm     .    (no cloak)
rCorr   .          Rampage  .    (no gloves)
Will    .....                    (no boots)
Stlth   ..........               i - amulet of guardian spirit
HPRegen 0.09/turn                (no ring)
MPRegen 0.09/turn                (no ring)

@: no status effects
A: sickness immunity, AC +3, negative energy resistance 1, electricity
resistance, torment resistance 1, petrification resistance
a: no special abilities


You were on level 2 of the Dungeon.
You visited 1 branch of the dungeon, and saw 2 of its levels.

You collected 33 gold pieces.


Innate Abilities, Weirdness & Mutations

You are immune to sickness and miasma.
Your stone body is resilient. (AC +3)
You are immune to poison.
You resist negative energy. (rN+)
You are resistant to electric shocks. (rElec)
You are resistant to unholy torment.
You are immune to petrification.


   Skills:
 - Level 3.2 Fighting
 + Level 3.9 Axes
 - Level 3.2 Armour
 - Level 3.2 Shields


You had 3 spell levels left.
You didn't know any spells.
Your spell library was empty.

Inventory:

Hand Weapons
 f - a +0 club
 Y - a +0 war axe (weapon)
Armour
 b - a +0 scale mail (worn)
 c - a +0 buckler (worn)
Jewellery
 i - an amulet of guardian spirit (around neck)
Scrolls
 a - 3 scrolls of identify
Potions
 d - 3 potions of might
 e - a potion of attraction {unknown}

Dungeon Overview and Level Annotations

Branches:
Dungeon (2/15)

Altars:


Message History

A gnoll comes into view. It is wielding a +0 club.
1221 ||| Stepping ~*~*~tactically~*~*~ (stealth).
The gnoll shouts!
You see here a jackal corpse.
You hit the frilled lizard.
You kill the frilled lizard!
A gnoll comes into view. It is wielding a +0 spear.
1226 ||| Stepping ~*~*~tactically~*~*~ (stealth).
The gnoll attacks as you move away! The gnoll hits you with a +0 club.
You hit the gnoll but do no damage. You block the gnoll's attack.
You barely miss the gnoll. The gnoll hits you but does no damage.
You closely miss the gnoll. You block the gnoll's attack.
The gnoll hits you with a +0 club.
You slash the gnoll!
The gnoll is severely wounded.
The gnoll hits you but does no damage.
A gnoll comes into view. It is wielding a +0 flail.
You barely miss the gnoll.
The gnoll is severely wounded.
The gnoll shouts!
You hear a shout!
The gnoll hits you with a +0 club. x2
You hear an angry hiss.
You hit the gnoll.
You kill the gnoll!
A rat and a gnoll come into view.
The gnoll shouts!
You hear a shout!
The gnoll hits you but does no damage.
You hit the gnoll but do no damage. You closely miss the gnoll.
The gnoll hits you with a +0 flail. You block the gnoll's attack.
You slash the gnoll!
You kill the gnoll!
You hit the gnoll. The gnoll hits you with a +0 flail.
The gnoll hits you with a +0 flail!
You have reached level 4!
You feel stronger.
You hit the gnoll.
The gnoll is moderately wounded.
The gnoll hits you with a +0 flail.
You die...

.. #.####.#.P . g..
........
......##...... .
.#......... .## ..
..r......##... #.
...##..^.####.#
#..###.#g.........#
#...#.g@.)%....>.#
...##..............#
.......<%...###.##.#
............# .#
............# .#
............# #
....<......[#
...<........#
.............


You could see 2 gnolls and a rat.

Vanquished Creatures
  3 gnolls
  2 dart slugs (D:1)
  3 endoplasms (D:1)
  2 giant cockroaches (D:1)
  2 goblins (D:1)
  4 hobgoblins (D:1)
  3 jackals (D:2)
  2 quokkas
  A ball python (D:1)
  2 frilled lizards
  4 kobolds (D:1)
  3 rats (D:1)
31 creatures vanquished.

Vanquished Creatures (others)
  4 plants (D:2)
4 creatures vanquished.

Grand Total: 35 creatures vanquished

Notes
Turn   | Place    | Note
-------+----------+-------------------------------------------
     0 | D:1      | qw the Gargoyle Fighter began the quest for the Orb.
     0 | D:1      | Reached XP level 1. HP: 14/14 MP: 1/1
     0 | D:1      | 0 ||| qw: Version: 0.1.0-9-gbc19398
     0 | D:1      | 0 ||| qw: Game counter: 50
     0 | D:1      | 0 ||| qw: Always use a shield: true
     0 | D:1      | 0 ||| qw: God list: Okawaru
     0 | D:1      | 0 ||| qw: Allow faded altars: false
     0 | D:1      | 0 ||| qw: Do Orc after D:15 true
     0 | D:1      | 0 ||| qw: Do second Lair branch before Depths: true
     0 | D:1      | 0 ||| qw: Lair rune preference: random
     0 | D:1      | 0 ||| qw: Plans: Normal, Zot:1-4, God:TSO, Crypt, Tomb,
                  | Pan, Slime:5, Hells, Abyss, Orb
     0 | D:1      | 0 ||| PLANNING D:1-11
   213 | D:1      | 213 ||| Stepping ~*~*~tactically~*~*~ (hiding).
   216 | D:1      | 216 ||| Stepping ~*~*~tactically~*~*~ (hiding).
   220 | D:1      | Reached XP level 2. HP: 19/19 MP: 2/2
   351 | D:1      | 351 ||| Stepping ~*~*~tactically~*~*~ (stealth).
   361 | D:1      | 361 ||| Stepping ~*~*~tactically~*~*~ (stealth).
   595 | D:1      | 595 ||| Stepping ~*~*~tactically~*~*~ (stealth).
   610 | D:1      | Reached skill level 3 in Axes
   618 | D:1      | 618 ||| Stepping ~*~*~tactically~*~*~ (stealth).
   686 | D:1      | Reached XP level 3. HP: 23/23 MP: 3/3
  1034 | D:1      | 1034 ||| UPGRADING to amulet of guardian spirit.
  1039 | D:1      | 1039 ||| READING 4 scrolls labelled ZAGUK ZOATWES.
  1040 | D:1      | 1040 ||| READING scroll labelled TOT MEH ERUO.
  1141 | D:1      | 1141 ||| READING scroll labelled SEKILL COGU.
  1146 | D:1      | 1146 ||| READING scroll labelled CUSTRA DU PAEHI.
  1147 | D:1      | 1147 ||| READING scroll labelled LILLEA HIPNIST.
  1148 | D:1      | 1148 ||| READING scroll labelled VUMAUS YTU.
  1149 | D:1      | 1149 ||| READING 2 scrolls labelled FEIVVE DANGUS.
  1150 | D:1      | 1150 ||| DROPPING scroll of amnesia.
  1156 | D:2      | 1156 ||| STAIRDANCE
  1221 | D:2      | 1221 ||| Stepping ~*~*~tactically~*~*~ (stealth).
  1226 | D:2      | 1226 ||| Stepping ~*~*~tactically~*~*~ (stealth).
  1236 | D:2      | HP: 2/23 [gnoll/+0 flail (6)]
  1237 | D:2      | Reached XP level 4. HP: 3/28 MP: 0/4
  1237 | D:2      | Slain by a gnoll

Levels and vault maps discovered:
D:1:      onia_arrival_mini_spirals, layout_basic
D:2:      layout_rooms, serial_forest, infiniplex_forest_clump_tiny,
          infiniplex_forest_straight_3, infiniplex_forest_clump_small,
          infiniplex_forest_clump_cross, infiniplex_forest_clump_diagonal,
          infiniplex_forest_straight_2, infiniplex_forest_straight_4,
          serial_shops, nicolae_lakefront_shop

Skill      XL: |  1  2 |
---------------+-------+-----
Axes           | 2 3 |  3.9
Fighting       | |  3.2
Armour         | |  3.2
Shields        | |  3.2

Action                   |  1- 3 |  4- 6 || total
-------------------------+-------+-------++-------
Melee: War axe           |    68 |     1 ||    69
  Use: Scroll            |     7 |       ||     7
Armor: Scale mail        |    28 |       ||    28
Dodge: Dodged            |    11 |       ||    11
Block: Buckler           |    18 |       ||    18

Table legend:
 A = Non-vault XP
 B = Vault XP
 C = Vault XP percentage of total XP
 D = Non-vault monster count
 E = Vault monster count
 F = Vault count percentage of total count
                 A         B        C        D         E       F
            +---------+---------+-------+---------+---------+-------
      Total |      94 |       0 |   0.0 |      31 |       0 |   0.0
            +---------+---------+-------+---------+---------+-------
        D:1 |      56 |       0 |   0.0 |      24 |       0 |   0.0
        D:2 |      38 |       0 |   0.0 |       7 |       0 |   0.0
            +---------+---------+-------+---------+---------+-------
